 Dungeon Crawl Stone Soup version 0.27-b1-42-g19c61b19a5 (webtiles) character file.

Game seed: 17366658848907115445

88 Sin92 the Skirmisher (level 4, -1/35 HPs)
             Began as a Demonspawn Fighter on July 29, 2021.
             Frozen to death by an endoplasm (4 damage)
             ... on level 2 of the Dungeon.
             The game lasted 00:01:14 (1447 turns).

Sin92 the Skirmisher (Demonspawn Fighter)           Turns: 1447, Time: 00:01:15

Health: -1/35      AC:  6    Str: 17    XL:     4   Next: 29%
Magic:  4/4        EV:  7    Int:  9    God:
Gold:   41         SH: 15    Dex: 13    Spells: 3/3 levels left

rFire    . . .     SeeInvis .   a - +0 flail
rCold    . . .     Faith    .   c - +0 kite shield
rNeg     . . .     Spirit   .   b - +0 scale mail
rPois    .         Reflect  .   (no helmet)
rElec    .         Harm     .   (no cloak)
rCorr    .         Rampage  .   (no gloves)
Will     .....                  (no boots)
Stlth    ..........             (no amulet)
HPRegen  0.11/turn              (no ring)
MPRegen  0.09/turn              (no ring)

@: no status effects
A: large bone plates 2, powered by pain 1
a: no special abilities


You were on level 2 of the Dungeon.
You visited 1 branch of the dungeon, and saw 2 of its levels.

You collected 41 gold pieces.

Inventory:

Hand Weapons
 a - a +0 flail (weapon)
Armour
 b - a +0 scale mail (worn)
 c - a +0 kite shield (worn)
Scrolls
 e - a scroll of teleportation {unknown}
 f - a scroll of brand weapon {unknown}
 h - a scroll of noise {unknown}
Potions
 d - a potion of might
 g - a potion of degeneration {unknown}
 i - a potion of berserk rage {unknown}
 j - a potion of heal wounds {unknown}


   Skills:
 + Level 3.4 Fighting
 * Level 2.8 Maces & Flails
 + Level 3.1 Armour
 + Level 1.1 Dodging
 + Level 3.1 Shields


You had 3 spell levels left.
You didn't know any spells.
Your spell library contained the following spells:

 Spells                   Type           Power      Damage    Failure   Level
 Corona                   Hex            0%         N/A       99%         1
 Ensorcelled Hibernation  Hex/Ice        0%         N/A       100%        2
 Tukima's Dance           Hex            0%         N/A       100%        3


Dungeon Overview and Level Annotations

Branches:
Dungeon (2/15)

Altars:


Innate Abilities, Weirdness & Mutations

You are mostly covered in large bone plates. (SH +6)
You sometimes gain a little power by taking damage.


Message History

Unknown command.
You hit the adder.
The adder is heavily wounded.
You block the quokka's attack. The adder bites you. The endoplasm freezes you.
You are frozen.
The quokka closely misses you.
Unknown command.
There are monsters nearby!
You are too injured to fight recklessly!
Unknown command.
There are monsters nearby!
You are too injured to fight recklessly!
Unknown command.
There are monsters nearby!
You are too injured to fight recklessly!
Unknown command.
There are monsters nearby!
You are too injured to fight recklessly!
Unknown command.
There are monsters nearby!
You are too injured to fight recklessly!
You sock the adder!
You kill the adder!
The quokka bites you. The endoplasm freezes you.
You are frozen.
The quokka barely misses you. The endoplasm freezes you.
You are frozen.
* * * LOW HITPOINT WARNING * * *
You closely miss the quokka. The quokka bites you.
* * * LOW HITPOINT WARNING * * *
The endoplasm freezes you.
You are frozen.
* * * LOW HITPOINT WARNING * * *
You hit the quokka.
The quokka is moderately wounded.
You block the quokka's attack. The endoplasm freezes you.
You are frozen.
You die...

#.#....#.#.#...# #.#
#..#.####.#.#.#...#
#.#
#..#.#..#.#.#.#...# #
#..#.#..#...#.#...#
#.#..#.#..#####.#.#.#
...#.#..........#.#
######.#)#........#.#
.........##....)....#.
.......)..'...@r......
........###....J......
........# #........!..
........# #...........
......#.# #........$..
###+#.#.# ##########..
#.#.# . #.#.# #.#


You could see an endoplasm and a quokka.

Vanquished Creatures
  An adder (D:2)
  3 gnolls (D:2)
  An ufetubus (D:2)
  A worm (D:2)
  A dart slug (D:1)
  A ball python (D:2)
  6 endoplasms
  4 giant cockroaches (D:1)
  2 goblins
  5 hobgoblins
  3 jackals (D:2)
  3 bats (D:1)
  3 frilled lizards (D:1)
  3 kobolds
  3 rats (D:1)
40 creatures vanquished.

Notes
Turn   | Place    | Note
-------+----------+-------------------------------------------
     0 | D:1      | Sin92 the Demonspawn Fighter began the quest for the Orb.
     0 | D:1      | Reached XP level 1. HP: 18/18 MP: 1/1
   216 | D:1      | Gained mutation: You are partially covered in large bone
                  | plates. (SH +4) [demonic ancestry]
   216 | D:1      | Reached XP level 2. HP: 22/24 MP: 2/2
   647 | D:1      | Gained mutation: You sometimes gain a little power by
                  | taking damage. [demonic ancestry]
   647 | D:1      | Reached XP level 3. HP: 29/29 MP: 3/3
   666 | D:1      | Found a faded altar of an unknown god.
  1184 | D:2      | Reached skill level 1 in Dodging
  1197 | D:2      | Gained mutation: You are mostly covered in large bone
                  | plates. (SH +6) [demonic ancestry]
  1197 | D:2      | Reached XP level 4. HP: 10/35 MP: 4/4
  1447 | D:2      | Frozen to death by an endoplasm

Illustrated notes

Levels and vault maps discovered:
D:1:      dpeg_arrival_stone_temple_mockup, layout_basic,
          ebering_ecumenical_altar_mist, st_stairs_9
D:2:      layout_basic

Skill      XL: |  1  2  3 |
---------------+----------+-----
Maces & Flails | 2 |  2.8
Armour         | 3 |  3.1
Shields        | 3 |  3.1
Dodging        | 1 |  1.1
Fighting       | |  3.4

Action                   |  1- 3 |  4- 6 || total
-------------------------+-------+-------++-------
Melee: Flail             |   130 |    11 ||   141
Armor: Scale mail        |    51 |     5 ||    56
Dodge: Dodged            |    38 |     9 ||    47
Block: Kite shield       |   116 |    12 ||   128
